AoeStats
← NuMa | Gacha

Arabia

508685851Analyzed
2v2 RM · 10d ago on Sep 23, 2026· 31m 32s· 4 players
Game mode
Random Map
Map size
Medium (4 player)
Population
200
Speed
Normal
Resources
Standard
Victory
Conquest
Starting age
Dark Age
Ending age
Imperial Age
RankedLock teamsTeams togetherTeam positionsShared explorationLock speedFull tech treeHidden civsTurbo modeCheats
Victory
Defeat
🇨🇴 Italians · Colombia
1098
+9
🇨🇴 Lithuanians · Colombia
921
+15
🇬🇧 Vikings · United Kingdom
959
-14
🇨🇳 Franks · China
870
-10
好歌剧
7:37 Loom
10:04 Feudal Age
10:33 Double-Bit Axe
11:13 Man-at-Arms
17:49 Forging
21:03 Arson
22:55 Wheelbarrow
26:29 Castle Age
27:06 Scale Barding Armor
28:13 Light Cavalry
28:54 Husbandry
OLIFANT
11:03 Feudal Age
13:14 Loom
17:25 Horse Collar
18:41 Man-at-Arms
21:31 Double-Bit Axe
21:43 Stone Mining
22:06 Gold Mining
26:01 Castle Age
NuMa | Gacha
7:30 Loom
10:47 Feudal Age
11:30 Double-Bit Axe
winter991
6:54 Loom
9:28 Feudal Age
10:14 Double-Bit Axe
21:55 Castle Age
20:13 Horse Collar
21:05 Forging
21:40 Scale Barding Armor
21:45 Stone Mining
22:40 Bloodlines
22:45 Husbandry
26:12 Wheelbarrow
29:40 Hand Cart
30:36 Iron Casting
30:05 Gold Mining
31:47 Chain Barding Armor
32:21 Bow Saw
Connection lost

Rejoining the realm…

Still unreachable

The connection could not be restored.

Session expired

The server has moved on; the page needs a fresh start.